 Dungeon Crawl Stone Soup version 0.27-a0-334-g52645efa06 (webtiles) character file.

Game seed: 9441356394577353034

29 sahdkjhfkaj the Ruffian (level 3, 36/36 HPs)
             Began as a Troll Monk on Feb 13, 2021.
             Quit the game on level 1 of the Dungeon.
             The game lasted 00:00:46 (353 turns).

sahdkjhfkaj the Ruffian (Troll Monk)                 Turns: 353, Time: 00:00:47

Health: 36/36      AC:  6    Str: 20    XL:     3   Next: 1%
Magic:  2/2        EV: 10    Int:  6    God:
Gold:   16         SH:  0    Dex: 12    Spells: 2/2 levels left

rFire    . . .     SeeInvis .     - Unarmed
rCold    . . .     Faith    .   (no shield)
rNeg     . . .     Spirit   .   a - +0 robe
rPois    .         Reflect  .   (helmet restricted)
rElec    .         Harm     .   (no cloak)
rCorr    .         Rampage  .   (gloves unavailable)
Will     .....                  (boots unavailable)
Stlth    ++........             (no amulet)
HPRegen  0.52/turn              (no ring)
MPRegen  0.08/turn              (no ring)

@: no status effects
A: large, unfitting armour, claws 3, regeneration 1, shaggy fur 1, tough skin 3
a: no special abilities


You were on level 1 of the Dungeon.
You visited 1 branch of the dungeon, and saw 1 of its levels.

You collected 16 gold pieces.

Inventory:

Armour
 a - a +0 robe (worn)
Scrolls
 b - a scroll of immolation {unknown}
 d - a scroll of random uselessness {unknown}
 e - a scroll of enchant armour {unknown}
 f - a scroll of identify {unknown}
Potions
 c - a potion of attraction {unknown}
 g - a potion of mutation {unknown}
 h - a potion of might {unknown}


   Skills:
 + Level 2.8 Fighting
 - Level 2.4 Dodging
 - Level 1.0 Stealth
 * Level 3.9 Unarmed Combat


You had 2 spell levels left.
You didn't know any spells.
Your spell library was empty.

Dungeon Overview and Level Annotations

Branches:
Dungeon (1/15)

Altars:


Innate Abilities, Weirdness & Mutations

You are too large for most types of armour.
You have claws for hands.
Your natural rate of healing is unusually fast.
You are covered in fur. (AC +1)
You have extremely tough skin. (AC +3)


Message History

Moving in this stuff is going to be slow.
There is an open door here.
You see here a jackal skeleton.
Found an escape hatch in the floor.
A rat comes into view.
A rat is nearby!
A rat is nearby!
A rat is nearby!
You claw the rat!
You kill the rat!
No target in view!
No target in view!
g - a coppery potion
h - a bubbling cyan potion You see here a dagger.
A bat and a hobgoblin come into view.
The hobgoblin shouts!
There is an escape hatch in the floor here.
There are monsters nearby!
There are monsters nearby!
There are monsters nearby!
The bat hits you but does no damage. The bat closely misses you.
The bat barely misses you.
You closely miss the bat. The bat barely misses you.
The bat hits you but does no damage.
You claw the bat!
You kill the bat!
No target in view!
No target in view!
No target in view!
Found 10 sling bullets.
A hobgoblin is nearby!
You claw the hobgoblin!
You kill the hobgoblin!
You have reached level 3!
Your experience leads to an increase in your attributes!
Increase (s)trength, (i)ntelligence, or (d)exterity?
You feel stronger. x2
Okay, then.
Are you sure you want to abandon this character and quit the game? (Confirm with "yes".)

# ## ######.... # .(
.##### #........ .#####..
.....###.................
..#............#. ..... .
..+............. .......
..#.....#...... ..#....
..#....####.#.####.......
....÷........>.)@........
.......###..#.#..........
..#...........#.†.##.....
...†.#####..).#...# ##..
..########.##.######.. .
.## #....##.........
.######....###########
...(.......##########.
........###...........


There were no monsters in sight!

Vanquished Creatures
  2 dart slugs (D:1)
  A leopard gecko (D:1)
  2 goblins (D:1)
  4 hobgoblins (D:1)
  4 jackals (D:1)
  A bat (D:1)
  2 frilled lizards (D:1)
  3 kobolds (D:1)
  3 rats (D:1)
22 creatures vanquished.

Notes
Turn   | Place    | Note
-------+----------+-------------------------------------------
     0 | D:1      | sahdkjhfkaj the Troll Monk began the quest for the Orb.
     0 | D:1      | Reached XP level 1. HP: 22/22 MP: 0/0
    84 | D:1      | Reached XP level 2. HP: 29/29 MP: 1/1
   353 | D:1      | Reached XP level 3. HP: 36/36 MP: 2/2
   353 | D:1      | Quit the game

Illustrated notes

Levels and vault maps discovered:
D:1:      lightli_arrival_farm, layout_basic, minmay_pentomino_u2

Action                   || total
-------------------------++-------
Melee: Unarmed           ||    44
Armor: Robe              ||    21
Dodge: Dodged            ||    13

Table legend: (Time is in decaauts)
 A = Elapsed time spent in this place.
 B = Non-inter-level travel time spent in this place.
 C = Inter-level travel time spent in this place.
 D = Time resting spent in this place.
 E = Time spent auto-exploring this place.
 F = Levels seen in this place.
 G = Mean time per level.
                   A        B        C        D        E       F      G
               +--------+--------+--------+--------+--------+-----+--------+
         Total |    374 |    374 |      0 |      0 |    257 |   1 |  374.0 |
       Dungeon |    374 |    374 |      0 |      0 |    257 |   1 |  374.0 |
               +--------+--------+--------+--------+--------+-----+--------+

Top non-repeatable levels by time:
     D:1: 374 daAuts
